[Event "Early-Titled-Tuesday-Blitz-November-28-2023"]
[Site "Chess.com"]
[Date "2023.11.28"]
[Round "7"]
[White "JuniorJumper"]
[Black "BardArtem"]
[Result "0-1"]
[WhiteElo "2567"]
[BlackElo "2767"]
[TimeControl "180+1"]
[EndTime "9:25:09 PST"]
[Termination "BardArtem won by checkmate"]

1. b3 d5 2. Bb2 Nf6 3. e3 Bf5 4. Nf3 e6 5. c4 c6 6. Nc3 h6 7. d4 Bb4 8. Bd3 Bxd3 9. Qxd3 Ne4 10.
O-O Bxc3 11. Bxc3 O-O 12. Ne5 Nd7 13. Nxd7 Qxd7 14. Bb4 Rfd8 15. f3 Nf6 16. Be1 Rac8 17. Bg3 c5 18. dxc5 Rxc5 19. cxd5 Rxd5 20. Qc4 Rd2 21. Be5 Rc8 22. Qh4 Rcc2 23. Kh1 Rxg2 24. Rg1 Qd2 25. Rad1 Qe2 26. Qh3 Rxg1+ 27. Rxg1 Qxe3 28.
Bxf6 Rc1 29. Qg2 Qxg1+ 30. Qxg1 Rxg1+ 31. Kxg1 gxf6 32. Kf2 Kf8 33. Ke3 Ke7 34. Kd4 Kd6 35. h4 e5+ 36. Ke4 Ke6 37. b4 f5+ 38. Ke3 Kd5 39. a3 f4+ 40. Kd3 f5 41. h5 e4+ 42.
Ke2 Kd4 43. Kd2 exf3 44. a4 b6 45. a5 bxa5 46. bxa5 a6 47. Kd1 Kd3 48. Ke1 Ke3 49. Kf1 f2 50. Kg2 Ke2 51. Kh2 Kf3 52. Kh3 f1=Q+ 53. Kh4 Qh1# 0-1

[Event "Early-Titled-Tuesday-Blitz-November-28-2023"]
[Site "Chess.com"]
[Date "2023.11.28"]
[Round "7"]
[White "dmosesov"]
[Black "YouShallNotPass001"]
[Result "1-0"]
[WhiteElo "2603"]
[BlackElo "2450"]
[TimeControl "180+1"]
[EndTime "9:25:10 PST"]
[Termination "dmosesov won by checkmate"]

1. Nf3 Nf6 2. c4 e6 3. g3 d5 4. Bg2 a6 5. O-O dxc4 6. a4 Nc6 7. a5 Bb4 8. Qa4 O-O 9. Ne5 Nxe5 10. Qxb4 Qd6 11.
Qc3 Nd5 12. Qc2 Nb4 13. Qd1 Rb8 14. b3 b5 15. axb6 cxb6 16. bxc4 Nxc4 17. d3 Ne5 18. Nc3 Bd7 19. Ne4 Qe7 20. Bf4 f6 21. d4 Nec6 22.
Bd6 Qf7 23. e3 a5 24. Qd2 Rfc8 25. Bxb8 Rxb8 26. Rfc1 Qe7 27. Nc3 Nd8 28. d5 e5 29.
d6 Qf7 30. Nd5 Nxd5 31. Bxd5 Be6 32. Rc7 Qe8 33. Re7 Qb5 34. Bxe6+ Nxe6 35. Rxe6 Rd8 36. Rd1 Kf7 37. Re7+ Kg6 38. d7 a4 39. Qd3+ Qxd3 40. Rxd3 b5 41. Re8 Rxd7 42. Rxd7 b4 43. Rb8 a3 44. Ra7 a2 45. Rxb4 Kf5 46. Rxa2 h5 47.
Raa4 h4 48. h3 hxg3 49. fxg3 g5 50. g4+ Kg6 51. Rb6 e4 52. Raa6 Kg7 53. Rxf6 Kh7 54.
Rfb6 Kg8 55. Rb7 Kf8 56. Ra8# 1-0

[Event "Early-Titled-Tuesday-Blitz-November-28-2023"]
[Site "Chess.com"]
[Date "2023.11.28"]
[Round "7"]
[White "tandercat"]
[Black "ViktoriyaTarasova"]
[Result "0-1"]
[WhiteElo "2081"]
[BlackElo "2363"]
[TimeControl "180+1"]
[EndTime "9:25:12 PST"]
[Termination "ViktoriyaTarasova won on time"]

1. d4 Nf6 2. c4 e6 3. Nc3 Bb4 4. f3 c5 5. d5 O-O 6. e4 d6 7. Ne2 b5 8. cxb5 exd5 9. exd5 a6 10. bxa6 Bxa6 11. Kf2 Nbd7 12. a3 Ba5 13. Ng3 Ne5 14. Bxa6 Rxa6 15. Re1 c4 16. Kg1 Nd3 17. Re2 Bb6+ 18.
Kf1 Bd4 19. Nb5 Bc5 20. Qc2 Ne5 21. Bg5 Qb6 22. Nc3 Nfd7 23. Na4 Qb5 24. Nxc5 Nxc5 25.
Be7 Re8 26. Bg5 Ncd3 27. f4 h6 28. fxe5 hxg5 29. exd6 Rxd6 30. Rxe8+ Qxe8 31. Qxc4 Nxb2 32. Qe2 Qxe2+ 33. Kxe2 Rxd5 34. a4 Ra5 35. Ra2 Nxa4 36. Ne4 f5 37. Nxg5 Nc3+ 0-1

[Event "Early-Titled-Tuesday-Blitz-November-28-2023"]
[Site "Chess.com"]
[Date "2023.11.28"]
[Round "7"]
[White "Amirreza_p"]
[Black "Truequitos"]
[Result "1-0"]
[WhiteElo "2728"]
[BlackElo "2494"]
[TimeControl "180+1"]
[EndTime "9:25:13 PST"]
[Termination "Amirreza_p won on time"]

1. e4 e6 2. d4 d5 3. e5 c5 4. c3 Qb6 5. Nf3 Bd7 6. Be2 Bb5 7. dxc5 Bxc5 8. b4 Be7 9. Bxb5+ Qxb5 10. Na3 Qa6 11.
Qe2 Nh6 12. Bxh6 gxh6 13. Nb5 Qb6 14. a4 a6 15. Nbd4 Nc6 16. a5 Qc7 17. O-O Nxd4 18. cxd4 Bxb4 19. Rfc1 Qe7 20. Qb2 O-O 21. Rcb1 Rfc8 22.
g3 Rc4 23. Kg2 Bc3 24. Qe2 Bxa1 25. Rxa1 Rac8 26. Qe3 Kg7 27. h4 Rc3 28. Qf4 Rd3 29. Rb1 Rc4 30. Rb6 Rb4 31. Qf6+ Qxf6 32. exf6+ Kxf6 33. Rxb4 Ra3 34. Rxb7 Rxa5 35. Ne5 Kf5 36. f3 f6 37. Rf7 h5 38. Nd7 Kg6 39. Rxf6+ Kg7 40. Rxe6 Ra2+ 41. Kh3 Rd2 42. Re7+ Kg6 43. Re6+ Kg7 44.
Rxa6 Rxd4 45. Ne5 Rd2 46. f4 d4 47. f5 Rf2 48. Rd6 Rxf5 49. Nd3 Rf1 50. Rxd4 Rd1 51.
Rd5 Rd2 52. Nf4 Kf6 53. Rxd2 1-0

[Event "Early-Titled-Tuesday-Blitz-November-28-2023"]
[Site "Chess.com"]
[Date "2023.11.28"]
[Round "7"]
[White "Shivananda1964"]
[Black "talaicito"]
[Result "0-1"]
[WhiteElo "2390"]
[BlackElo "2234"]
[TimeControl "180+1"]
[EndTime "9:25:13 PST"]
[Termination "talaicito won on time"]

1. e4 c5 2. Nf3 d6 3. Bc4 e6 4. O-O Nf6 5. e5 dxe5 6. Nxe5 Bd6 7. Qe2 O-O 8. d3 Nbd7 9. f4 Qc7 10.
Nxd7 Bxd7 11. Nc3 a6 12. a4 Rfe8 13. a5 Bc6 14. Bd2 Rad8 15. Ne4 Be7 16. Bc3 Nd5 17. Be5 Qd7 18. Qg4 f6 19. Bxd5 exd5 20. f5 fxe5 21. Ng3 Bf6 22. Rae1 Qf7 23. h4 Kh8 24. h5 h6 25. Kh2 e4 26. dxe4 dxe4 27. Nxe4 Bxe4 28.
Rxe4 Rxe4 29. Qxe4 Qxh5+ 30. Kg3 Qg5+ 31. Kh3 Rd4 32.
Qe8+ Kh7 33. Qg6+ Qxg6 34. fxg6+ Kxg6 35. Rf2 Rh4+ 36. Kg3 Ra4 37. Rd2 Rxa5 38. b3 Ra2 39.
Kf3 Bd4 40. Ke4 a5 41. Kd5 b5 42. Kc6 a4 43. Kxb5 axb3 0-1

[Event "Early-Titled-Tuesday-Blitz-November-28-2023"]
[Site "Chess.com"]
[Date "2023.11.28"]
[Round "7"]
[White "Chemim21"]
[Black "amanjazu"]
[Result "1-0"]
[WhiteElo "2227"]
[BlackElo "2382"]
[TimeControl "180+1"]
[EndTime "9:25:13 PST"]
[Termination "Chemim21 won by checkmate"]

1. d4 Nf6 2. Bf4 g6 3. e3 Bg7 4. Nf3 O-O 5. h3 d6 6. Nbd2 Nbd7 7. Be2 c5 8. c3 b6 9. O-O Bb7 10. a4 a6 11. Bh2 Rc8 12. Ne1 Rc7 13. Bf3 Qa8 14.
Bxb7 Qxb7 15. Qf3 Rb8 16. Nd3 b5 17. Qxb7 Rbxb7 18. dxc5 Nxc5 19. Nxc5 Rxc5 20. axb5 Rcxb5 21. Rxa6 Rxb2 22. Nc4 R2b3 23. Ra8+ Rb8 24. Rxb8+ Rxb8 25. Na5 Rc8 26. c4 Ne4 27. Rc1 Bc3 28. Nb7 Rxc4 29. Bf4 e5 30. Bh6 d5 31. f3 Nf6 32. Nd6 Rc5 33. Rb1 Nd7 34. Rb7 e4 35. Rxd7 f5 36.
Rd8# 1-0

[Event "Early-Titled-Tuesday-Blitz-November-28-2023"]
[Site "Chess.com"]
[Date "2023.11.28"]
[Round "7"]
[White "nindjaxx8"]
[Black "Olya_Oblachko"]
[Result "1-0"]
[WhiteElo "2450"]
[BlackElo "2242"]
[TimeControl "180+1"]
[EndTime "9:25:13 PST"]
[Termination "nindjaxx8 won on time"]

1. d4 e6 2. c4 d5 3. Nc3 Be7 4. cxd5 exd5 5. Bf4 Nf6 6. e3 O-O 7. Nf3 c5 8. dxc5 Bxc5 9. Bd3 Nc6 10. O-O Bg4 11.
h3 Bh5 12. Be2 a6 13. Rc1 Ba7 14. Na4 Ne4 15. Ne5 Nxe5 16. Bxe5 Bxe2 17. Qxe2 Qe7 18. Bf4 b5 19. Nc3 Nxc3 20. bxc3 d4 21. cxd4 Bxd4 22.
Rfd1 Be5 23. Qg4 Bxf4 24. Qxf4 Rac8 25. Rxc8 Rxc8 26. Rd6 Qb7 27. e4 h6 28. e5 a5 29.
Qf5 Qc7 30. Rd7 Qc1+ 31. Kh2 Qc4 32. Ra7 a4 33. Rb7 b4 34. Rxb4 Qxb4 35. Qxc8+ Kh7 36. Qf5+ Kg8 37. f4 a3 38. e6 fxe6 39. Qxe6+ Kh7 40.
Qf5+ Kg8 41. Qd5+ Kh8 42. Kg3 Qb2 43. Kg4 1-0

[Event "Early-Titled-Tuesday-Blitz-November-28-2023"]
[Site "Chess.com"]
[Date "2023.11.28"]
[Round "7"]
[White "Eloist"]
[Black "AnaKuchava"]
[Result "1-0"]
[WhiteElo "2350"]
[BlackElo "2218"]
[TimeControl "180+1"]
[EndTime "9:25:14 PST"]
[Termination "Eloist won on time"]

1. e4 c5 2. Nf3 d6 3. Bb5+ Bd7 4. Bxd7+ Qxd7 5. c4 Nc6 6. d4 cxd4 7. Nxd4 Nf6 8. Nc3 g6 9. f3 Bg7 10. Be3 O-O 11. O-O Rac8 12. b3 a6 13. Qd3 Ne5 14. Qe2 b5 15. Nd5 Nxd5 16. cxd5 Rc3 17. h3 Qc7 18. f4 Nd7 19. Nc6 Nb8 20. Nd4 Rc8 21. Rad1 Qa5 22. Qf2 Bxd4 23. Bxd4 Rc2 24. Qh4 Qxa2 25.
Qg3 Re2 26. Ra1 Qd2 27. Rfd1 Qb4 28. f5 Rcc2 29. fxg6 hxg6 30. Kh1 Rxg2 31. Qh4 Rh2+ 32. Kg1 Rcg2+ 33. Kf1 f6 34. Qh6 Qxb3 35. Qe3 Qc4+ 36. Qd3 Rf2+ 37. Kg1 1-0

[Event "Early-Titled-Tuesday-Blitz-November-28-2023"]
[Site "Chess.com"]
[Date "2023.11.28"]
[Round "7"]
[White "wonderfultime"]
[Black "mishanick"]
[Result "1-0"]
[WhiteElo "3095"]
[BlackElo "3059"]
[TimeControl "180+1"]
[EndTime "9:25:15 PST"]
[Termination "wonderfultime won on time"]

1. d4 Nf6 2. Nf3 d5 3. c4 e6 4.
Nc3 Nbd7 5. cxd5 exd5 6. Bf4 c6 7. h3 Ne4 8. e3 Bb4 9. Qb3 Qa5 10. Rc1 c5 11. a3 Bxc3+ 12. bxc3 O-O 13. Be2 cxd4 14. Nxd4 Ndc5 15. Qb4 Qd8 16. O-O b6 17. c4 Bb7 18.
Rfd1 Qh4 19. Qe1 dxc4 20. Rxc4 Qf6 21. Rc2 Rad8 22. f3 Ng5 23. Rcd2 Nge6 24. Nxe6 Nxe6 25.
Bd6 Rfe8 26. Qg3 Bc6 27. Bc4 Ba4 28. Be5 Qg6 29. Rxd8 Rxd8 30. Rxd8+ Nxd8 31. Qh4 Nc6 32. Bd5 Qb1+ 33. Kh2 Qc2 34. Qg5 Qg6 35. Qh4 Qc2 36. Be4 Qc5 37. Qxh7+ Kf8 38. Qxg7+ Ke8 39. Qh8+ Ke7 40.
Qf6+ Ke8 41. Bd6 Qxe3 42. Bf5 1-0

[Event "Early-Titled-Tuesday-Blitz-November-28-2023"]
[Site "Chess.com"]
[Date "2023.11.28"]
[Round "7"]
[White "ilushka"]
[Black "JaloliddinIlkhomi"]
[Result "0-1"]
[WhiteElo "2420"]
[BlackElo "2714"]
[TimeControl "180+1"]
[EndTime "9:25:15 PST"]
[Termination "JaloliddinIlkhomi won on time"]

1. Nf3 Nf6 2. g3 b6 3. c4 Bb7 4. Bg2 e6 5. O-O Be7 6. d4 O-O 7. Nc3 Ne4 8. Qc2 Nxc3 9. Qxc3 f5 10. Ne5 Bxg2 11. Kxg2 d6 12. Qf3 Nd7 13. Nc6 Qe8 14. Nxe7+ Qxe7 15. Qc6 Nf6 16. Bg5 Rae8 17. e3 h6 18. Bxf6 Rxf6 19. Rac1 e5 20. Qd5+ Kh7 21. Rfd1 f4 22. dxe5 dxe5 23. Qe4+ Kh8 24. Rd5 Qe6 25.
exf4 exf4 26. Qxe6 f3+ 27. Kh3 Rexe6 28. Rc2 Re2 29. Rdd2 Re4 30. g4 Rff4 31. Rd3 Rxg4 32. Rxf3 Rxc4 33. Re2 Rh4+ 34. Kg2 Rhg4+ 35. Rg3 Rxg3+ 36.
hxg3 Kg8 37. b3 Rc1 38. Re7 Kf8 39. Rd7 a5 40. a4 Rc3 41. Kf1 g6 42. Ke2 c6 43. Rc7 c5 44. Rc6 Rxb3 45. Rxg6 Ra3 46. Rxh6 Rxa4 47. Rxb6 Ke7 48. Rc6 Rc4 49. Ra6 a4 50.
Kd3 Rd4+ 51. Kc3 Kd7 52. f3 Kc7 0-1

[Event "Early-Titled-Tuesday-Blitz-November-28-2023"]
[Site "Chess.com"]
[Date "2023.11.28"]
[Round "7"]
[White "cthulhuuu"]
[Black "carokannlover213"]
[Result "0-1"]
[WhiteElo "2487"]
[BlackElo "2682"]
[TimeControl "180+1"]
[EndTime "9:25:16 PST"]
[Termination "carokannlover213 won on time"]

1. e4 e5 2. Nf3 Nc6 3. Bb5 a6 4.
Bxc6 dxc6 5. O-O Bg4 6. h3 h5 7. d3 Qf6 8. Nbd2 g5 9. Nc4 Bxf3 10. Qxf3 Qxf3 11. gxf3 f6 12. h4 gxh4 13. f4 exf4 14. Bxf4 O-O-O 15. Kh2 Ne7 16. Rg1 f5 17. Ne5 Rh7 18.
f3 Bg7 19. Nf7 Rf8 20. Ng5 Rh6 21. Nf7 Rxf7 22. Rxg7 Rxg7 23. Bxh6 Rg3 24. Rf1 Kd7 25. Bf4 Rg8 26. Rg1 Rxg1 27. Kxg1 Ng6 28. Bg5 fxe4 29. fxe4 Ke6 30. Kg2 Ke5 31. Kh3 Kd4 32. Bxh4 Ke3 33. Bg5+ Ke2 34. Bf6 Kd2 35. e5 Kxc2 36. d4 Kd3 37. e6 Nf4+ 38. Kh4 Nxe6 39. Kxh5 Nxd4 40. Be5 Ne6 41. Kg6 Ke4 42. Bh2 Kd5 43.
Kf7 c5 44. Ke8 Kc6 45. Ke7 Nd4 46. Kd8 Nb5 47. Kc8 b6 48. a4 Nd6+ 49. Kb8 Nc4 50. b3 Na5 51. Bxc7 Nxb3 0-1

[Event "Early-Titled-Tuesday-Blitz-November-28-2023"]
[Site "Chess.com"]
[Date "2023.11.28"]
[Round "7"]
[White "infantaria08"]
[Black "salomez"]
[Result "0-1"]
[WhiteElo "2217"]
[BlackElo "2405"]
[TimeControl "180+1"]
[EndTime "9:25:16 PST"]
[Termination "salomez won by checkmate"]

1. d4 e6 2. Bf4 f5 3. Nc3 Nf6 4. e4 fxe4 5. f3 exf3 6. Nxf3 Be7 7. Bd3 O-O 8. Qe2 b6 9. O-O-O Bb7 10. h3 Nc6 11. Rhg1 Nb4 12. Bc4 Nfd5 13. Bd2 Nxc3 14.
Bxc3 Nd5 15. Bd2 Nf4 16. Bxf4 Rxf4 17. Rde1 Kh8 18. Qe5 Bd6 19. Qh5 Qf8 20. Ng5 h6 21. Rgf1 Qf6 22. Bd3 Rf8 23. Nf3 Bxf3 24. gxf3 Rxf3 25.
Rxf3 Qxf3 26. Qg6 Qf4+ 27. Kb1 Rf5 28. Bxf5 Qxf5 29. Qxf5 exf5 30. Re8+ Kh7 31. Rd8 g5 32.
Rxd7+ Kg6 33. Kc1 g4 34. hxg4 fxg4 35. Kd1 h5 36. Ke2 h4 37. Kf1 h3 38. Rd8 g3 39.
Rg8+ Kf5 40. Rh8 Kg4 41. Rg8+ Kf3 42. Rf8+ Bxf8 43. Kg1 g2 44. Kh2 Bd6+ 45. Kxh3 g1=Q 46. c4 Qg3# 0-1

[Event "Early-Titled-Tuesday-Blitz-November-28-2023"]
[Site "Chess.com"]
[Date "2023.11.28"]
[Round "7"]
[White "verrbaa"]
[Black "Let_it_be_1"]
[Result "0-1"]
[WhiteElo "2474"]
[BlackElo "2657"]
[TimeControl "180+1"]
[EndTime "9:25:19 PST"]
[Termination "Let_it_be_1 won on time"]

1. e4 e6 2. d4 d5 3. Nc3 Nf6 4. Bg5 dxe4 5. Nxe4 Be7 6. Bxf6 Bxf6 7. Nf3 O-O 8. Qd2 b6 9. O-O-O Bb7 10. Bd3 Nd7 11. h4 Be7 12. Qf4 Nf6 13. Nxf6+ Bxf6 14. g4 Qd6 15. Qe3 c5 16. Be4 cxd4 17. Bxb7 Qc7 18. Qe4 Rab8 19. Bc6 g6 20. g5 Bg7 21. Nxd4 Rfc8 22.
Ba4 a5 23. h5 Qc5 24. hxg6 Qxg5+ 25. Kb1 hxg6 26. Bb3 Qf6 27. c3 b5 28. Nxe6 a4 29. Nxg7 axb3 30. Nh5 bxa2+ 31. Ka1 gxh5 32. Rxh5 Rd8 33.
Rg1+ Kf8 34. Rhg5 Rd1+ 35. Rxd1 Qxg5 36. Qd4 Re8 37. Qh8+ Qg8 38. Qh6+ Qg7 39. Qd6+ Kg8 40. Kxa2 Re2 0-1

[Event "Early-Titled-Tuesday-Blitz-November-28-2023"]
[Site "Chess.com"]
[Date "2023.11.28"]
[Round "7"]
[White "FischerKasparow"]
[Black "Kapitan_Bayan"]
[Result "0-1"]
[WhiteElo "2092"]
[BlackElo "2282"]
[TimeControl "180+1"]
[EndTime "9:25:19 PST"]
[Termination "Kapitan_Bayan won on time"]

1. e4 c5 2. Nf3 d6 3. d4 cxd4 4. Nxd4 Nf6 5. Nc3 a6 6. Bg5 Nbd7 7. f4 Qa5 8. Qf3 h6 9. Bh4 e5 10. Nb3 Qc7 11. f5 Be7 12. O-O-O b5 13. Bf2 Bb7 14. g4 b4 15. Nd5 Nxd5 16. exd5 Nf6 17. Bg2 a5 18. h4 a4 19. Na1 Nd7 20. Kb1 Nc5 21.
g5 O-O-O 22. f6 Bf8 23. Qg4+ Kb8 24. Qxb4 gxf6 25. gxf6 Rg8 26. Rhg1 h5 27. Bf3 Bh6 28. Bxh5 Rxg1 29. Bxg1 Rg8 30. Bxc5 Qxc5 31. Qxa4 Qc7 32. Nb3 Bf4 33. Na5 Rh8 34. Nxb7 Qxb7 35. Rd3 Rg8 36.
a3 Rg1+ 37. Ka2 Qc7 0-1

[Event "Early-Titled-Tuesday-Blitz-November-28-2023"]
[Site "Chess.com"]
[Date "2023.11.28"]
[Round "7"]
[White "BogdanDeac"]
[Black "baki83"]
[Result "1-0"]
[WhiteElo "2997"]
[BlackElo "2826"]
[TimeControl "180+1"]
[EndTime "9:25:20 PST"]
[Termination "BogdanDeac won on time"]

1. d4 d5 2. c4 e6 3. Nf3 Nf6 4. g3 Bd6 5. Bg2 O-O 6. O-O h6 7. b3 Nc6 8. Bb2 b6 9. Nc3 Bb7 10. Rc1 Re8 11. Re1 a6 12. e3 dxc4 13. bxc4 Rb8 14.
Nd2 e5 15. d5 Nb4 16. Nde4 Nxe4 17. Bxe4 a5 18. Bb1 Bc8 19. a3 Na6 20. Qc2 f5 21. e4 Rf8 22. f4 exf4 23. e5 Bc5+ 24. Kh1 fxg3 25. e6 Qh4 26. Qg2 Bd6 27. Nb5 Bf4 28. Rc3 Nc5 29. Rf3 Ba6 30. Ref1 Bg5 31. Rxg3 Bxb5 32. cxb5 Rbe8 33. Bxf5 Qc4 34. h4 Qxh4+ 35. Rh3 Qc4 36. Rg3 Rxf5 37. Rxf5 Ne4 38. Rg4 g6 39. Rxe4 Qd3 40. Rxg5 1-0

[Event "Early-Titled-Tuesday-Blitz-November-28-2023"]
[Site "Chess.com"]
[Date "2023.11.28"]
[Round "7"]
[White "Ezov"]
[Black "Andrii_Prydun"]
[Result "0-1"]
[WhiteElo "2224"]
[BlackElo "2382"]
[TimeControl "180+1"]
[EndTime "9:25:21 PST"]
[Termination "Andrii_Prydun won by resignation"]

1. d4 Nf6 2. Nc3 d5 3. Bf4 Nc6 4. Nb5 e5 5. dxe5 Nh5 6. e3 Nxf4 7. exf4 d4 8. Nf3 Bc5 9. c3 Bg4 10. cxd4 Bxf3 11. gxf3 Nxd4 12. Nxd4 Qxd4 13. Qxd4 Bxd4 14. Rb1 Ke7 15. Bd3 f6 16. exf6+ Kxf6 17. Be4 c6 18. O-O Rhd8 19. Rfd1 Rd7 20. b3 Rf8 21. Rd3 g6 22.
Rbd1 Rfd8 23. Kf1 a5 24. Ke2 c5 25. a4 Rf8 26. Kf1 Kg7 27. Ke2 Rxf4 28. Kf1 Kf6 29. Kg2 Ke7 30. Kg3 Rf6 31. h3 Rb6 32. Kg2 Rdd6 33.
Kg3 Rb4 34. Kg2 b5 35. axb5 Rxb5 36. Kg3 Ke6 37. Kg2 Rdb6 38. Rb1 a4 39. Rd2 axb3 40. Re2 Kf6 41. Bd3 Rb4 42. f4 c4 43. Be4 c3 44. Bd5 c2 45. Rc1 b2 46. Rcxc2 b1=Q 0-1

[Event "Early-Titled-Tuesday-Blitz-November-28-2023"]
[Site "Chess.com"]
[Date "2023.11.28"]
[Round "7"]
[White "AlexPapasimakopoulos"]
[Black "GMBenjaminBok"]
[Result "1-0"]
[WhiteElo "2649"]
[BlackElo "3007"]
[TimeControl "180+1"]
[EndTime "9:25:22 PST"]
[Termination "AlexPapasimakopoulos won by resignation"]

1. d4 Nf6 2. c4 e6 3. Nc3 Bb4 4.
Qc2 d5 5. cxd5 exd5 6. Bg5 h6 7. Bxf6 Qxf6 8. e3 O-O 9. a3 Bxc3+ 10. Qxc3 c6 11. Nf3 Bf5 12. Be2 Nd7 13. O-O a5 14. b4 axb4 15. axb4 Rfc8 16. Rxa8 Rxa8 17.
Ra1 Qd8 18. h3 g5 19. Nd2 Qf8 20. b5 Rxa1+ 21. Qxa1 cxb5 22. Bxb5 Qb4 23. Bxd7 Bxd7 24.
Nf3 Kg7 25. Ne5 Be6 26. g4 b5 27. Nd3 Qd2 28. Nc5 Bxg4 29. hxg4 Qe2 30. Qb1 Qxg4+ 31. Kf1 h5 32. Nd3 Qe4 33. Qxb5 h4 34. Ne5 h3 35. Qd7 h2 36. Qxf7+ Kh6 37. Qf6+ Kh7 38.
Qe7+ Kh6 39. Qe6+ Kg7 40. Qe7+ Kh6 41. Nf7+ Kg6 42. Qxe4+ dxe4 43. Kg2 Kxf7 44. Kxh2 Ke6 45. Kg3 Kf5 46. f3 exf3 47. Kxf3 g4+ 48. Kg3 Kg5 49.
e4 Kh5 50. e5 Kg5 51. d5 Kf5 52.
e6 Kf6 53. Kxg4 1-0

[Event "Early-Titled-Tuesday-Blitz-November-28-2023"]
[Site "Chess.com"]
[Date "2023.11.28"]
[Round "7"]
[White "Hasangatin_Ramil"]
[Black "masterofpuppets2"]
[Result "1-0"]
[WhiteElo "2698"]
[BlackElo "2510"]
[TimeControl "180+1"]
[EndTime "9:25:22 PST"]
[Termination "Hasangatin_Ramil won by resignation"]

1. e4 c6 2. Nf3 d5 3. d3 Bg4 4. h3 Bh5 5. Qe2 e6 6. g3 Nd7 7. Bg2 Bd6 8. O-O Ne7 9. Re1 Qb6 10.
g4 Bg6 11. Nbd2 O-O 12. c3 Rae8 13. e5 Bb8 14. d4 c5 15. Nb3 c4 16. Nbd2 Kh8 17. Nf1 Bd3 18. Qd1 f6 19. exf6 gxf6 20. Ng3 Ng6 21. Nh5 Rf7 22. b4 Qd6 23. Be3 Nh4 24.
Ng3 Nxg2 25. Kxg2 Rg8 26. Rh1 e5 27. Nh4 exd4 28. cxd4 Be4+ 29. Nxe4 dxe4 30. Qe2 Qd5 31. Kf1 b5 32. Nf5 Re8 33. a4 Nb6 34. axb5 Qxb5 35. Ra5 Qc6 36. Rc5 Qa4 37. Rxc4 Nxc4 38. Qxc4 Rd7 39.
Kg2 Rc7 40. Qd5 Qc6 41. Qa5 Qb6 42. Qa4 Qc6 43. b5 Qd7 44. d5 Qxd5 45. b6 Rcc8 46. bxa7 Be5 47. Rd1 Qe6 48. Rd7 Ra8 49. Qb5 Qg8 50.
Qb7 Red8 51. Re7 Re8 52. Bc5 Rxe7 53. Bxe7 Bf4 54. Bxf6+ 1-0

[Event "Early-Titled-Tuesday-Blitz-November-28-2023"]
[Site "Chess.com"]
[Date "2023.11.28"]
[Round "7"]
[White "GrumbleBruno"]
[Black "Predator0608"]
[Result "0-1"]
[WhiteElo "2432"]
[BlackElo "2596"]
[TimeControl "180+1"]
[EndTime "9:25:22 PST"]
[Termination "Predator0608 won on time"]

1. e4 e5 2. Nf3 Nc6 3. Bb5 a6 4.
Ba4 Nf6 5. d4 b5 6. dxe5 Nxe4 7.
Bb3 Bc5 8. Qd5 Bxf2+ 9. Kf1 O-O 10. Qxe4 Bc5 11. Bg5 Qe8 12. Nc3 Bb7 13. Bd5 b4 14. Na4 Ba7 15. Re1 a5 16. Be3 Ba6+ 17. Kf2 Bb5 18.
b3 Qe7 19. Bxa7 Rxa7 20. Re3 Kh8 21. Rhe1 Bxa4 22. bxa4 Qc5 23. Bxc6 dxc6 24. Re2 Raa8 25. Qd4 Qe7 26. Kg1 c5 27. Qc4 Rad8 28. Rd2 h6 29.
Red3 Rxd3 30. Rxd3 f6 31. Rd5 fxe5 32. Rxe5 Qd6 33.
Qxc5 Qf6 34. Qe3 Rd8 35. h3 Rd1+ 36. Kh2 Qd6 37. Qf4 Kh7 38. Qf5+ Kh8 39. Qe6 Rc1 0-1

[Event "Early-Titled-Tuesday-Blitz-November-28-2023"]
[Site "Chess.com"]
[Date "2023.11.28"]
[Round "7"]
[White "wqws"]
[Black "spotbet"]
[Result "1-0"]
[WhiteElo "2594"]
[BlackElo "2431"]
[TimeControl "180+1"]
[EndTime "9:25:22 PST"]
[Termination "wqws won by resignation"]

1. e4 e6 2. d4 d5 3. Nc3 Bb4 4. e5 Ne7 5. a3 Bxc3+ 6. bxc3 b6 7. Nf3 Ba6 8. Bxa6 Nxa6 9. Qd3 Nb8 10. Ng5 h6 11.
Qh3 Ng6 12. O-O hxg5 13. Qg3 Qd7 14. Bxg5 Qa4 15. f4 Qxc2 16. f5 exf5 17. e6 fxe6 18. Rae1 Kd7 19. Bf4 Nxf4 20. Qxg7+ Kc6 21. Rxf4 Re8 22.
Qf7 Na6 23. Rxe6+ Rxe6 24. Qxe6+ Kb7 25. Qxd5+ c6 26. Qxf5 Qc1+ 27. Rf1 Qxc3 28. Qe4 Rd8 29. Rd1 Qxa3 30. h4 Nc7 31. h5 Re8 32. Qf4 Qb3 33. Rf1 Re2 34. h6 Qd5 35. Qg4 Re4 36. Qg7 Qxd4+ 37.
Qxd4 Rxd4 38. Rf3 Ne6 39. h7 Rd8 40. Rf7+ Ka6 41. Kf2 Rh8 42. Rf6 Ng5 43. Rxc6 Rxh7 44. Kg3 Ne4+ 45. Kf4 Nc5 46. g4 Kb5 47. Rc8 a5 48. Kf5 a4 49. g5 a3 50. g6 Rh1 51. g7 Rf1+ 52. Ke5 Re1+ 53. Kd5 Rd1+ 54. Ke5 Rg1 55. g8=Q a2 56. Qxg1 1-0

[Event "Early-Titled-Tuesday-Blitz-November-28-2023"]
[Site "Chess.com"]
[Date "2023.11.28"]
[Round "7"]
[White "Chess4always"]
[Black "Felix-Rose"]
[Result "1-0"]
[WhiteElo "2069"]
[BlackElo "2331"]
[TimeControl "180+1"]
[EndTime "9:25:24 PST"]
[Termination "Chess4always won on time"]

1. d4 Nf6 2. Bg5 e6 3. Bxf6 Qxf6 4. c3 d5 5. Nd2 c5 6. e3 Nc6 7. Ngf3 Bd6 8. Bd3 Qd8 9. Qe2 O-O 10. O-O e5 11. dxe5 Nxe5 12. Nxe5 Bxe5 13. Bxh7+ Kxh7 14. Qh5+ Kg8 15. Qxe5 Re8 16. Qg3 d4 17. exd4 cxd4 18. Nb3 dxc3 19. Qxc3 b6 20. Rad1 Qg5 21. f4 Qg4 22. h3 Qh4 23. Rd4 Bb7 24. Qd2 Rad8 25. Rd1 Rxd4 26. Qxd4 g6 27. f5 Re1+ 28. Rxe1 Qxe1+ 29. Kh2 Qe2 30. Qd8+ Kh7 31. Qh4+ Kg7 32. f6+ Kg8 33.
Qg3 Bd5 34. Nd4 Qxb2 35. Nf3 Qxa2 36. Ng5 Qxg2+ 37. Qxg2 Bxg2 38. Kxg2 a5 39. Ne4 a4 40. Nc3 a3 41. Kf2 b5 42. Na2 1-0

[Event "Early-Titled-Tuesday-Blitz-November-28-2023"]
[Site "Chess.com"]
[Date "2023.11.28"]
[Round "7"]
[White "sokidze"]
[Black "NovoselovRoman"]
[Result "1-0"]
[WhiteElo "2751"]
[BlackElo "2549"]
[TimeControl "180+1"]
[EndTime "9:25:25 PST"]
[Termination "sokidze won on time"]

1. d4 Nf6 2. c4 e5 3. dxe5 Ng4 4. e4 Nxe5 5. f4 Nec6 6. Bd2 Bb4 7. Bxb4 Nxb4 8. Nc3 O-O 9. Qd2 d6 10. O-O-O a5 11.
Nf3 N8c6 12. f5 Re8 13. g4 Ne5 14. Nxe5 Rxe5 15. h4 Bd7 16. g5 Bc6 17. Bg2 Na6 18. h5 Nc5 19. g6 fxg6 20. hxg6 hxg6 21. Kb1 gxf5 22. exf5 Qf6 23. Bxc6 bxc6 24. Qh2 Kf7 25. Qh5+ Ke7 26. Rhe1 Rf8 27. Rxe5+ Qxe5 28. Rf1 Kd7 29. Qg4 Kd8 30. a3 Nd3 31. Qf3 Nc5 32. Qxc6 Rxf5 33. Rh1 Rf8 34. Ka2 g5 35. Nd5 Ne6 36. Rh7 1-0

[Event "Early-Titled-Tuesday-Blitz-November-28-2023"]
[Site "Chess.com"]
[Date "2023.11.28"]
[Round "7"]
[White "elmusmolamas"]
[Black "ATM622"]
[Result "0-1"]
[WhiteElo "2584"]
[BlackElo "2468"]
[TimeControl "180+1"]
[EndTime "9:25:29 PST"]
[Termination "ATM622 won on time"]

1. e4 c6 2. d4 d5 3. exd5 cxd5 4. Bf4 Nc6 5. c3 Nf6 6. Nd2 Bf5 7. Ngf3 e6 8. Bb5 Bd6 9. Ne5 Qc7 10. Qa4 O-O 11. Bxc6 bxc6 12. Nb3 Nh5 13. Be3 Bxe5 14. dxe5 Qxe5 15.
O-O Bd3 16. Rfe1 Qf6 17. Qxc6 Qg6 18. Nc5 Rac8 19. Qd6 Rfd8 20. Qe7 Re8 21. Qxa7 Rxc5 22. Qxc5 Be4 23. g3 Qg4 24. Qb5 Nf6 25. Qe2 Bf3 26. Qf1 e5 27. h3 Qg6 28. Kh2 h5 29. Qg1 Ne4 30. b4 Nxc3 31. Rac1 Ne2 32. Rxe2 Bxe2 33. b5 Bxb5 34. Qg2 Bc6 35. a4 Rc8 36. Bb6 d4 37. Qf1 Qe4 38. a5 Rb8 39. Bc7 Rb2 40. a6 Ra2 41. a7 Rxa7 42. Bb6 Ra2 43. Bc7 Qf3 0-1